UAA
SUN PRAIRIE SWALLOWS @ HUNTINGTON BEACH SURF
06/23/2018
 
TOP OF THE 1ST
Sun Prairie Swallows batting - Pitching for Huntington Beach Surf : LHP José Castaneda
Pitching: LHP José Castaneda
Batting: RHB Monty Sharp 0-0: Ball
1-0: Ground out 6-3 (Groundball, 56S)
Batting: RHB Hubert Dodson 0-0: Ball
1-0: Called Strike
1-1: Swinging Strike
1-2: Ball
2-2: Ball
3-2: Base on Balls
Batting: LHB Bernardo Elías 0-0: Ball
1-0: SINGLE (Groundball, 34)
Hubert Dodson to second
Runner from 2nd tries for 3rd, SAFE, throw made to third
Batting: RHB Josh Stafford 0-0: Fly out, F8 (Flyball, 89M)
Runner from 3rd tags up, SCORES, no throw
Batting: RHB Jon Erickson 0-0: Called Strike
0-1: Ball
1-1: Ball
2-1: Ball
3-1: Called Strike
3-2: SINGLE (Groundball, 56D)
Bernardo Elías to second
Bernardo Elías to third
Batting: LHB Kent Roberts 0-0: Ball
1-0: Called Strike
1-1: Foul Ball, location: 2F
1-2: Ball
2-2: Ball
3-2: Strikes out looking
Top of the 1st over - 1 run(s), 2 hit(s), 0 error(s), 2 left on base; Sun Prairie 1 - Huntington Beach 0
BOTTOM OF THE 1ST
Huntington Beach Surf batting - Pitching for Sun Prairie Swallows : RHP Jacob Cox
Pitching: RHP Jacob Cox
Batting: RHB Warner Robinson 0-0: Bunt missed!
0-1: Called Strike
0-2: Ball
1-2: Strikes out swinging
Batting: RHB Bernardo Herrera 0-0: Ball
1-0: Foul Ball, location: 2F
1-1: Swinging Strike
1-2: Strikes out swinging
Batting: LHB Bartolo Benítez 0-0: Ball
1-0: Swinging Strike
1-1: SINGLE (Groundball, 6MD)
Batting: RHB Gilberto Patino 0-0: Swinging Strike
0-1: Ball
1-1: Ball
2-1: Ball
3-1: Base on Balls
Bartolo Benítez to second
Batting: RHB Enrique Marroquín 0-0: TRIPLE (Line Drive, 9LM)
Bartolo Benítez scores
Gilberto Patino scores
Batting: RHB Juan García 0-0: Ball
1-0: Swinging Strike
1-1: Ball
2-1: Foul Ball, location: 2F
2-2: Ball
3-2: Base on Balls
Batting: RHB Dave Young 0-0: Called Strike
0-1: Ball
1-1: Ball
2-1: Called Strike
2-2: Foul Ball, location: 2F
2-2: Fly out, F8 (Flyball, 8RM)
Bottom of the 1st over - 2 run(s), 2 hit(s), 0 error(s), 2 left on base; Sun Prairie 1 - Huntington Beach 2
TOP OF THE 2ND
Sun Prairie Swallows batting - Pitching for Huntington Beach Surf : LHP José Castaneda
Batting: RHB Dave Moulin 0-0: Called Strike
0-1: Ball
1-1: Foul Ball, location: 2F
1-2: Fly out, F8 (Line Drive, 8RM)
Batting: RHB David Morales 0-0: Ball
1-0: Foul Ball, location: 2F
1-1: SINGLE (Popup, 8LS)
Pitching: RHP Orlando Miranda
Batting: RHB Edgar Carrillo 0-0: Foul Ball, location: 2F
0-1: Ball
1-1: Swinging Strike
1-2: Strikes out swinging
Batting: RHB Monty Sharp 0-0: Called Strike
David Morales steals 2nd base
0-1: Ball
1-1: Called Strike
1-2: Ball
2-2: Foul Ball, location: 2F
2-2: Strikes out swinging
Top of the 2nd over - 0 run(s), 1 hit(s), 0 error(s), 1 left on base; Sun Prairie 1 - Huntington Beach 2
BOTTOM OF THE 2ND
Huntington Beach Surf batting - Pitching for Sun Prairie Swallows : RHP Jacob Cox
Batting: RHB Austin Henderson 0-0: Called Strike
0-1: Ball
1-1: SINGLE (Line Drive, 7S)
Batting: LHB Tony Martínez 0-0: Called Strike
0-1: Called Strike
0-2: Ball
1-2: Foul Ball, location: 2F
1-2: Ball
2-2: Strikes out looking
Batting: RHB Warner Robinson 0-0: Ball
1-0: Ball
2-0: SINGLE (Line Drive, 8LS)
Austin Henderson to second
Batting: RHB Bernardo Herrera 0-0: Ball
1-0: Foul Ball, location: 2F
1-1: SINGLE (Groundball, 6MD) (infield hit)
Austin Henderson to third
Warner Robinson to second
Batting: LHB Bartolo Benítez 0-0: Fly out, F9 (Flyball, 9M)
Runner from 3rd tags up, SCORES, throw made
Batting: RHB Gilberto Patino 0-0: DOUBLE (Line Drive, 3L)
Warner Robinson scores
Bernardo Herrera to third
Runner from 3rd tries for Home, SAFE, no throw or cutoff
Pitching: LHP José Tapia
Batting: RHB Enrique Marroquín 0-0: Ball
1-0: Called Strike
1-1: Called Strike
1-2: Ball
2-2: Ball
3-2: Foul Ball, location: 2F
3-2: 2-RUN HOME RUN (Line Drive, 7LD), Distance : 366 ft
Batting: RHB Juan García 0-0: Ball
1-0: Foul Ball, location: 2F
1-1: Foul Ball, location: 2F
1-2: Strikes out looking
Bottom of the 2nd over - 5 run(s), 5 hit(s), 0 error(s), 0 left on base; Sun Prairie 1 - Huntington Beach 7
TOP OF THE 3RD
Sun Prairie Swallows batting - Pitching for Huntington Beach Surf : RHP Orlando Miranda
Batting: RHB Hubert Dodson 0-0: Ball
1-0: Ball
2-0: Ball
3-0: Called Strike
3-1: Called Strike
3-2: Fly out, F9 (Flyball, 89M)
Batting: LHB Bernardo Elías 0-0: Called Strike
0-1: Called Strike
0-2: Ball
1-2: DOUBLE (Line Drive, 9LM)
Batting: RHB Josh Stafford 0-0: Ball
1-0: Called Strike
1-1: Called Strike
1-2: Foul Ball, location: 2F
1-2: Foul Ball, location: 2F
1-2: Ball
2-2: Strikes out swinging
Batting: RHB Jon Erickson 0-0: Called Strike
0-1: Ball
1-1: Ball
Wild Pitch!
Bernardo Elías to third
2-1: Ground out 6-3 (Groundball, 6)
Top of the 3rd over - 0 run(s), 1 hit(s), 0 error(s), 1 left on base; Sun Prairie 1 - Huntington Beach 7
BOTTOM OF THE 3RD
Huntington Beach Surf batting - Pitching for Sun Prairie Swallows : LHP José Tapia
Batting: RHB Dave Young 0-0: Ball
1-0: Ground out 6-3 (Groundball, 6M)
Batting: RHB Austin Henderson 0-0: Swinging Strike
0-1: Ball
1-1: Ball
2-1: Ball
3-1: Foul Ball, location: 2F
3-2: Foul Ball, location: 2F
3-2: Base on Balls
Batting: LHB Tony Martínez 0-0: Called Strike
0-1: Ball
1-1: Swinging Strike
1-2: Ball
2-2: Ball
3-2: Strikes out looking
Batting: RHB Warner Robinson 0-0: Ball
Balk!
Austin Henderson to second
1-0: Ball
2-0: Ball
3-0: Called Strike
3-1: Base on Balls
Batting: RHB Bernardo Herrera 0-0: Called Strike
0-1: Foul Ball, location: 2F
0-2: Foul Ball, location: 2F
0-2: Ground out 1-3 (Groundball, 23)
Bottom of the 3rd over - 0 run(s), 0 hit(s), 0 error(s), 2 left on base; Sun Prairie 1 - Huntington Beach 7
TOP OF THE 4TH
Sun Prairie Swallows batting - Pitching for Huntington Beach Surf : RHP Orlando Miranda
Pitching: RHP Ethan Martin
Batting: LHB Kent Roberts 0-0: Ball
1-0: Ball
2-0: Ball
3-0: Base on Balls
Batting: RHB Dave Moulin 0-0: Called Strike
0-1: Called Strike
0-2: Ball
1-2: Ball
2-2: Fly out, F9 (Flyball, 9D)
Batting: RHB David Morales 0-0: Ground out 2-3 (Groundball, 23)
Kent Roberts to second
Batting: RHB Edgar Carrillo 0-0: Ball
1-0: Swinging Strike
1-1: Fly out, F6 (Popup, 5L)
Top of the 4th over - 0 run(s), 0 hit(s), 0 error(s), 1 left on base; Sun Prairie 1 - Huntington Beach 7
BOTTOM OF THE 4TH
Huntington Beach Surf batting - Pitching for Sun Prairie Swallows : LHP José Tapia
Batting: LHB Bartolo Benítez 0-0: Called Strike
0-1: Reached on Error, E7 (Flyball, 7D)
Batting: RHB Gilberto Patino 0-0: 2-RUN HOME RUN (Line Drive, 7LD), Distance : 369 ft
Pitching: LHP Artie Carroll
Batting: RHB Enrique Marroquín 0-0: Ground out 1-3 (Groundball, 23)
Batting: RHB Juan García 0-0: Called Strike
0-1: Swinging Strike
0-2: Strikes out swinging
Batting: RHB Dave Young 0-0: Swinging Strike
0-1: Ball
1-1: Ball
2-1: Ball
3-1: Fly out, F8 (Flyball, 8RM)
Bottom of the 4th over - 2 run(s), 1 hit(s), 1 error(s), 0 left on base; Sun Prairie 1 - Huntington Beach 9
TOP OF THE 5TH
Sun Prairie Swallows batting - Pitching for Huntington Beach Surf : RHP Ethan Martin
Batting: RHB Monty Sharp 0-0: Called Strike
0-1: SINGLE (Groundball, 34D)
Batting: RHB Hubert Dodson 0-0: Called Strike
0-1: Swinging Strike
0-2: Ball
1-2: Foul Ball, location: 2F
1-2: Ball
2-2: Ball
3-2: Foul Ball, location: 2F
3-2: 2-RUN HOME RUN (Flyball, 7D), Distance : 402 ft
Batting: LHB Bernardo Elías 0-0: Foul Ball, location: 2F
0-1: Called Strike
0-2: Foul Ball, location: 2F
0-2: Ball
1-2: Fly out, F4 (Popup, 4D)
Batting: RHB Josh Stafford 0-0: Called Strike
0-1: Ball
1-1: Ball
2-1: Swinging Strike
2-2: Strikes out looking
Batting: RHB Jon Erickson 0-0: Foul Ball, location: 2F
0-1: Ground out 4-3 (Groundball, 4M)
Top of the 5th over - 2 run(s), 2 hit(s), 0 error(s), 0 left on base; Sun Prairie 3 - Huntington Beach 9
BOTTOM OF THE 5TH
Huntington Beach Surf batting - Pitching for Sun Prairie Swallows : LHP Artie Carroll
Batting: RHB Austin Henderson 0-0: Called Strike
0-1: Foul Ball, location: 2F
0-2: DOUBLE (Flyball, 78M)
Batting: LHB Tony Martínez 0-0: Ball
1-0: Swinging Strike
1-1: Foul Ball, location: 2F
1-2: Ball
2-2: Ground out 4-3 (Groundball, 4)
Austin Henderson to third
Batting: RHB Warner Robinson 0-0: Called Strike
0-1: Ball
1-1: Called Strike
1-2: Ball
2-2: Foul Ball, location: 2F
2-2: Ball
3-2: Foul Ball, location: 2F
3-2: Foul Ball, location: 2F
3-2: Base on Balls
Batting: RHB Bernardo Herrera 0-0: Ball
1-0: Called Strike
1-1: SINGLE (Line Drive, 3)
Austin Henderson scores
Warner Robinson to second
Batting: LHB Bartolo Benítez 0-0: Foul Ball, location: 2F
0-1: Ball
1-1: Ball
2-1: Ball
3-1: Base on Balls
Warner Robinson to third
Bernardo Herrera to second
Batting: RHB Gilberto Patino 0-0: Ball
1-0: Ball
2-0: Called Strike
2-1: Foul Ball, location: 2F
2-2: Ball
3-2: Ground out 3-1 (Groundball, 34)
Warner Robinson scores
Bernardo Herrera to third
Bartolo Benítez to second
Batting: RHB Enrique Marroquín 0-0: 3-RUN HOME RUN (Flyball, 7LD), Distance : 353 ft
Pitching: RHP Mike Allen
Batting: RHB Juan García 0-0: Foul Ball, location: 2F
0-1: Ball
1-1: Foul Ball, location: 2F
1-2: Fly out, F4 (Popup, 3D)
Bottom of the 5th over - 5 run(s), 3 hit(s), 0 error(s), 0 left on base; Sun Prairie 3 - Huntington Beach 14
TOP OF THE 6TH
Sun Prairie Swallows batting - Pitching for Huntington Beach Surf : RHP Ethan Martin
Batting: LHB Kent Roberts 0-0: Swinging Strike
0-1: Swinging Strike
0-2: Ball
1-2: Strikes out swinging
Batting: RHB Dave Moulin 0-0: Foul Ball, location: 2F
0-1: Ball
1-1: Called Strike
1-2: Foul Ball, location: 2F
1-2: Ball
2-2: Ground out 6-3 (Groundball, 6)
Pinch Hitting: RHB Ron Williams 0-0: Called Strike
0-1: Ball
1-1: Foul Ball, location: 2F
1-2: Ball
2-2: Ball
3-2: Foul Ball, location: 2F
3-2: Foul Ball, location: 2F
3-2: Base on Balls
Pinch Hitting: LHB Javier Hernández 0-0: Ball
1-0: 2-RUN HOME RUN (Flyball, 89XD), Distance : 428 ft
Batting: RHB Monty Sharp 0-0: Called Strike
0-1: Foul Ball, location: 2F
0-2: SOLO HOME RUN (Flyball, 78XD), Distance : 421 ft
Batting: RHB Hubert Dodson 0-0: Foul Ball, location: 2F
0-1: Ball
1-1: Ground out 1-6-3 (Groundball, 15S)
Top of the 6th over - 3 run(s), 2 hit(s), 0 error(s), 0 left on base; Sun Prairie 6 - Huntington Beach 14
BOTTOM OF THE 6TH
Huntington Beach Surf batting - Pitching for Sun Prairie Swallows : RHP Mike Allen
Now at 1B: Paco Rodríguez
Now in RF: Ron Williams
Batting: RHB Dave Young 0-0: Ball
1-0: Called Strike
1-1: Ball
2-1: Called Strike
2-2: SINGLE (Flyball, 9S)
Batting: RHB Austin Henderson 0-0: Ball
1-0: Foul Ball, location: 2F
1-1: Called Strike
1-2: Foul Ball, location: 2F
1-2: Ball
2-2: Foul Ball, location: 2F
2-2: SINGLE (Line Drive, 34)
Dave Young to second
Batting: LHB Tony Martínez 0-0: Grounds into double play, 4-6-3 (Groundball, 4)
Dave Young to third
Batting: RHB Warner Robinson 0-0: SINGLE (Line Drive, 4MD)
Dave Young scores
Batting: RHB Bernardo Herrera 0-0: Fly out, F6 (Popup, 6)
Bottom of the 6th over - 1 run(s), 3 hit(s), 0 error(s), 1 left on base; Sun Prairie 6 - Huntington Beach 15
TOP OF THE 7TH
Sun Prairie Swallows batting - Pitching for Huntington Beach Surf : RHP Ethan Martin
Pitching: RHP Robert Bell
Batting: LHB Bernardo Elías 0-0: Ball
1-0: Ball
2-0: Called Strike
2-1: Swinging Strike
2-2: Strikes out swinging
Batting: RHB Josh Stafford 0-0: SINGLE (Flyball, 89S)
Batting: RHB Jon Erickson 0-0: Called Strike
0-1: Ball
1-1: Ball
2-1: Foul Ball, location: 2F
2-2: Ball
3-2: Strikes out swinging
Batting: LHB Kent Roberts 0-0: Ball
Josh Stafford is caught stealing 2nd base
Top of the 7th over - 0 run(s), 1 hit(s), 0 error(s), 0 left on base; Sun Prairie 6 - Huntington Beach 15
BOTTOM OF THE 7TH
Huntington Beach Surf batting - Pitching for Sun Prairie Swallows : RHP Mike Allen
Batting: LHB Bartolo Benítez 0-0: SINGLE (Line Drive, 34D)
Batting: RHB Gilberto Patino 0-0: Fly out, F8 (Line Drive, 8LD)
Batting: RHB Enrique Marroquín 0-0: Ball
1-0: Ball
2-0: Swinging Strike
2-1: Swinging Strike
2-2: Ball
3-2: Base on Balls
Bartolo Benítez to second
Batting: RHB Juan García 0-0: Called Strike
0-1: Foul Ball, location: 2F
0-2: Ball
1-2: Ball
2-2: SINGLE (Line Drive, 4MD)
Bartolo Benítez to third
Enrique Marroquín to second
Runner from 3rd tries for Home, SAFE, throw made home
Enrique Marroquín to third
Juan García to second
Pitching: RHP José Zamora
Batting: RHB Dave Young 0-0: Ball
1-0: Ball
2-0: DOUBLE (Flyball, 7LM)
Enrique Marroquín scores
Juan García scores
Batting: RHB Austin Henderson 0-0: Ball
1-0: Swinging Strike
1-1: Ball
2-1: Ball
3-1: Base on Balls
Batting: LHB Tony Martínez 0-0: Ball
1-0: DOUBLE (Flyball, 89XD)
Dave Young scores
Austin Henderson to third
Batting: RHB Warner Robinson 0-0: Swinging Strike
0-1: Ball
1-1: Called Strike
1-2: Fly out, F7 (Flyball, 78M)
Runner from 3rd tags up, SCORES, throw made
Pitching: RHP Larry Gordon
Batting: RHB Bernardo Herrera 0-0: SINGLE (Line Drive, 8LS)
Tony Martínez to third
Runner from 3rd tries for Home, SAFE, throw made home
Bernardo Herrera to second
Batting: LHB Bartolo Benítez 0-0: Ball
1-0: Foul Ball, location: 2F
1-1: Fly out, F7 (Flyball, 78S)
Bottom of the 7th over - 6 run(s), 5 hit(s), 0 error(s), 1 left on base; Sun Prairie 6 - Huntington Beach 21
TOP OF THE 8TH
Sun Prairie Swallows batting - Pitching for Huntington Beach Surf : RHP Robert Bell
Batting: LHB Kent Roberts 0-0: Fly out, F4 (Line Drive, 4M)
Batting: RHB Dave Moulin 0-0: Ball
1-0: Ball
2-0: Foul Ball, location: 2F
2-1: SINGLE (Groundball, 56)
Pinch Hitting: RHB Calvin Fleming 0-0: Ball
1-0: Ball
Wild Pitch!
Dave Moulin to second
2-0: Ball
3-0: Called Strike
3-1: SINGLE (Line Drive, 9S)
Dave Moulin to third
Batting: RHB Paco Rodríguez 0-0: Swinging Strike
0-1: Ball
1-1: Ball
2-1: Foul Ball, location: 2F
2-2: Foul Ball, location: 2F
2-2: Strikes out swinging
Batting: RHB Monty Sharp 0-0: Ball
1-0: Called Strike
1-1: Ball
2-1: Ball
3-1: Foul Ball, location: 2F
3-2: Foul Ball, location: 2F
3-2: Foul Ball, location: 2F
3-2: SINGLE (Groundball, 6MD)
Dave Moulin scores
Calvin Fleming to second
Calvin Fleming to third
Batting: RHB Hubert Dodson 0-0: Fly out, F9 (Flyball, 9M)
Top of the 8th over - 1 run(s), 3 hit(s), 0 error(s), 2 left on base; Sun Prairie 7 - Huntington Beach 21
BOTTOM OF THE 8TH
Huntington Beach Surf batting - Pitching for Sun Prairie Swallows : RHP Larry Gordon
Now in RF: Calvin Fleming
Batting: RHB Gilberto Patino 0-0: Called Strike
0-1: Ball
1-1: Fly out, F9 (Flyball, 89M)
Batting: RHB Enrique Marroquín 0-0: Ball
1-0: Ball
2-0: Ball
3-0: Called Strike
3-1: Base on Balls
Pinch Hitting: SHB José Juárez 0-0: Ball
1-0: Ball
2-0: Ball
3-0: Called Strike
3-1: Base on Balls
Enrique Marroquín to second
Pitching: LHP Melvin Ward
Batting: RHB Dave Young 0-0: Swinging Strike
0-1: Swinging Strike
0-2: Strikes out swinging
Batting: RHB Austin Henderson 0-0: Fly out, F8 (Flyball, 8LM)
Bottom of the 8th over - 0 run(s), 0 hit(s), 0 error(s), 2 left on base; Sun Prairie 7 - Huntington Beach 21
TOP OF THE 9TH
Sun Prairie Swallows batting - Pitching for Huntington Beach Surf : RHP Robert Bell
Now at SS: Keith Hatch
Batting: LHB Bernardo Elías 0-0: Foul Ball, location: 2F
0-1: Ball
1-1: Called Strike
1-2: Strikes out looking
Batting: RHB Josh Stafford 0-0: Ball
1-0: Called Strike
1-1: Fly out, F8 (Flyball, 8RM)
Batting: RHB Jon Erickson 0-0: Ball
1-0: Foul Ball, location: 2F
1-1: Called Strike
1-2: Strikes out swinging
Top of the 9th over - 0 run(s), 0 hit(s), 0 error(s), 0 left on base; Sun Prairie 7 - Huntington Beach 21
This league is powered by Out of the Park Baseball, the baseball management simulation game for PC, Mac and Linux
Monday, May 4th, 2015 - OOTP Baseball 15.6 Build 34